 Dungeon Crawl Stone Soup version 0.30-b1-2-g02819fbbbe (webtiles) character file.

Game seed: 17006118650117545701

11706 Alarkh the Geomancer (level 11, -14/83 HPs)
             Began as a Demonspawn Earth Elementalist on May 29, 2023.
             Was a Priest of Uskayaw.
             Demolished by a skyshark (20 damage)
             ... on level 2 of the Lair of Beasts.
             The game lasted 00:16:37 (10757 turns).

Alarkh the Geomancer (DsEE)                        Turns: 10757, Time: 00:16:38

Health: -14/83     AC: 10    Str:  9    XL:     11   Next: 52%
Magic:  5/22       EV: 11    Int: 32    God:    Uskayaw [***...]
Gold:   899        SH:  0    Dex: 14    Spells: 19/25 levels left

rFire   . .          .
                       - Unarmed
rCold   . . .        (no shield)
rNeg    . . .        R - +0 troll leather armour
rPois   .            Q - +2 hat
rElec   .            r - +0 cloak
rCorr   .            (no gloves)
SInv    .            (no boots)
Will    .....        p - amulet of the acrobat
Stlth   ++           j - +6 ring of intelligence
HPRegen 1.13/turn    x - +6 ring of intelligence
MPRegen 0.18/turn

%: acrobat
@: no status effects
A: claws 1, slimy green scales 2, powered by death 1, demonic magic 1
a: Renounce Religion, Stomp, Line Pass


You were on level 2 of the Lair of Beasts.
You worshipped Uskayaw.
Uskayaw was noncommittal.
You visited 3 branches of the dungeon, and saw 13 of its levels.

You collected 899 gold pieces.

Inventory:

Hand Weapons
 a - a +5 rapier of speed
 d - a +0 dagger
 w - a +0 short sword of electrocution
Armour
 r - a +0 cloak (worn)
 C - a +0 helmet
 D - a +0 robe
 E - a +2 robe of cold resistance
 H - the +3 leather armour of Duck's Teeth {Harm Stlth+}
   (You found it on level 8 of the Dungeon)

   Harm:      It increases damage dealt and taken.
   Stlth:     It makes you more stealthy.
 Q - a +2 hat (worn)
 R - a +0 troll leather armour (worn)
 U - the +1 pair of boots of Kycoalu {rElec Int+3 Slay-6}
   (You found it on level 2 of the Lair of Beasts)

   Int:       It affects your intelligence (+3).
   Slay:      It affects your accuracy & damage with ranged weapons and melee
   (-6).
   rElec:     It insulates you from electricity.
Magical Staves
 h - a staff of poison
Jewellery
 j - a +6 ring of intelligence (left claw)
 p - an amulet of the acrobat (around neck)
 s - a ring of poison resistance
 x - a +6 ring of intelligence (right claw)
 y - the amulet of Ufeg {Spirit Str+5}
   (You found it on level 5 of the Dungeon)

   [amulet of guardian spirit]

   It causes incoming damage to be divided between your reserves of health and
   magic.
   Str:       It affects your strength (+5).
 L - a ring of willpower
Wands
 u - a wand of digging (13)
 I - a wand of flame (31)
 O - a wand of charming (7)
 T - a wand of iceblast (6)
Scrolls
 c - a scroll of amnesia
 e - a scroll of teleportation
 g - a scroll of vulnerability
 i - a scroll of magic mapping
 k - a scroll of enchant weapon
 m - 8 scrolls of fog
 o - 3 scrolls of blinking
 q - a scroll of silence {unknown}
 v - 4 scrolls of poison {unknown}
 J - a scroll of fear {unknown}
 K - a scroll of immolation
 M - a scroll of torment {unknown}
 S - a scroll of identify
Potions
 b - 4 potions of haste
 f - a potion of brilliance
 l - 5 potions of curing
 n - 2 potions of might
 t - 2 potions of attraction
 z - 2 potions of mutation
 A - a potion of ambrosia
 B - a potion of flight
 F - a potion of lignification
 G - 3 potions of heal wounds {unknown}
 N - a potion of resistance {unknown}
 P - a potion of berserk rage {unknown}
 V - 2 potions of magic


   Skills:
 + Level 6.7 Fighting
 - Level 1.7 Dodging
 - Level 1.7 Stealth
 * Level 8.9 Unarmed Combat
 + Level 7.8 Spellcasting
 - Level 0.8 Transmutations
 * Level 11.1 Earth Magic


You had 19 spell levels left.
You knew the following spells:

 Your Spells              Type           Power      Damage    Failure   Level
a - Sandblast             Erth           100%       2d20      1%          1
b - Stone Arrow           Conj/Erth      96%        3d13      1%          3
c - Sublimation of Blood  Necr           12%        N/A       9%          2

Your spell library contained the following spells:

 Spells                   Type           Power      Damage    Failure   Level
 Passwall                 Tmut/Erth      41%        N/A       1%          2
 Petrify                  Tmut/Erth      50%        N/A       4%          4
 Wereblood                Tmut           17%        N/A       6%          2
 Ignite Poison            Fire/Tmut/Pois 14%        N/A       14%         3
 Dazzling Flash           Conj/Hex       24%        N/A       16%         3
 Frozen Ramparts          Ice            24%        1d4       16%         3
 Portal Projectile        Hex/Tloc       24%        N/A       16%         3
 Tukima's Dance           Hex            12%        N/A       16%         3
 Ice Form                 Ice/Tmut       15%        N/A       41%         4
 Sticky Flame             Conj/Fire      12%        2d4       47%         4
 Summon Ice Beast         Ice/Summ       12%        N/A       47%         4
 Blade Hands              Tmut           8%         N/A       71%         5
 Agony                    Necr           12%        N/A       83%         5
 Silence                  Hex/Air        6%         N/A       83%         5
 Summon Hydra             Summ           6%         N/A       100%        7
 Ignition                 Fire           6%         3d4       100%        8


Dungeon Overview and Level Annotations

Branches:
Dungeon (10/15)            Temple (1/1) D:4            Lair (2/5) D:10
    Orc (0/2) D:10
  Swamp: Lair:2-3    Shoals: Lair:2-3     Snake: Lair:2-3    Spider: Lair:2-3

Altars:
Ashenzari
Cheibriados
Dithmenos
Fedhas
Gozag
Hepliaklqana
Makhleb
Nemelex Xobeh
Okawaru
Qazlal
Ru
Sif Muna
Trog
Uskayaw
Vehumet
Xom
Yredelemnul

Portals:
Trove: D:10 (give +6 demon whip)

Annotations:
D:5 2 runed translucent doors, 2 transporters, darkwiz's ghost, amateur DsCK


Innate Abilities, Weirdness & Mutations

You have sharp fingernails.
You are mostly covered in slimy green scales. (AC +3)
You regenerate a little health from kills.
Spells you cast may paralyse adjacent enemies.


Message History

Press: ? - help, Shift-Dir - straight line, f/p - skyshark
Aim: a skyshark (heavily wounded, strong, 82% to hit)
The stone arrow misses the skyshark.
The skyshark bites you!!
The skyshark enters a blood-rage!
The skyshark barely misses you. x2
Casting: Stone Arrow (safe; 1% risk of failure)
Confirm with . or Enter, or press ? or * to list all spells.
Aiming: Stone Arrow (safe; 1% risk of failure)
Press: ? - help, Shift-Dir - straight line, f/p - skyshark
Aim: a skyshark (heavily wounded, berserk, 82% to hit)
The stone arrow hits the skyshark!!
The skyshark is severely wounded.
The skyshark bites you! The skyshark tail-slaps you!
The skyshark barely misses you.
Casting: Stone Arrow (safe; 1% risk of failure)
Confirm with . or Enter, or press ? or * to list all spells.
Aiming: Stone Arrow (safe; 1% risk of failure)
Press: ? - help, Shift-Dir - straight line, f/p - skyshark
Aim: a skyshark (severely wounded, berserk, 82% to hit)
The stone arrow hits the skyshark!!
The skyshark is almost dead.
The skyshark barely misses you. The skyshark closely misses you.
The skyshark misses you. The skyshark bites you!!
* * * LOW HITPOINT WARNING * * *
The skyshark barely misses you. The skyshark misses you.
Uskayaw will force your foes to helplessly watch your dance.
Uskayaw prepares the audience for your solo!
You are too injured to fight recklessly!
The helpless skyshark fails to defend itself.
You claw the skyshark!
The skyshark is almost dead.
The helpless skyshark fails to defend itself.
You scratch the skyshark.
The skyshark is almost dead.
The skyshark is no longer paralysed.
The skyshark bites you but does no damage.
The skyshark tail-slaps you.
* * * LOW HITPOINT WARNING * * *
The skyshark tail-slaps you but does no damage.
The skyshark bites you!!
You die...

~...~......#
.~..~......#≈≈#. .....
..~.~.~~..##≈##.#.... .
~~~~~≈~~≈≈≈≈≈#...#P.##..
~~~≈≈~≈~≈≈≈≈ #..........
.......~..####......!...
~.....~~.....#....#PP..P
.....#.......#..........
.#.............(@l......
.#.......†..............
.#.............#........
.....#.......+.P........
...........†.#.+........
......#.#P.P...#........
...............#.#P.....
........................
..<....................


You could see a skyshark (berserk).

Vanquished Creatures
  2 two-headed ogres
  3 komodo dragons
  A troll (D:9)
  2 hornets
  2 wyverns (Lair:2)
  A wraith (D:9)
  22 yaks
  3 steam dragons
  6 water moccasins
  Duvessa (D:5)
  2 orc warriors
  An ice beast (D:6)
  2 ogres
  4 centaurs
  4 wolves (Lair:2)
  3 phantoms (D:5)
  Blork the orc (D:5)
  A kobold brigand (D:4)
  10 bullfrogs
  5 scorpions
  12 wights
  Dowan (D:5)
  9 killer bees
  3 howler monkeys (D:9)
  A sleepcap (D:3)
  2 hounds
  5 orc priests
  3 jellies
  4 iguanas
  10 orc wizards
  10 gnolls
  3 adders
  A white imp (D:7)
  An ufetubus (D:3)
  4 worms
  A dart slug (D:1)
  37 orcs
  5 endoplasms
  5 giant cockroaches
  6 goblins
  2 hobgoblins
  8 jackals (D:1)
  5 quokkas
  6 ball pythons
  4 bats
  4 frilled lizards
  6 kobolds
  4 rats
238 creatures vanquished.

Vanquished Creatures (others)
  3 fungi
  3 plants (D:2)
6 creatures vanquished.

Grand Total: 244 creatures vanquished

Notes
Turn   | Place    | Note
-------+----------+-------------------------------------------
     0 | D:1      | Alarkh the Demonspawn Earth Elementalist began the quest
                  | for the Orb.
     0 | D:1      | Reached XP level 1. HP: 13/13 MP: 3/3
   126 | D:1      | Reached skill level 3 in Earth Magic
   127 | D:1      | Gained mutation: Spells you cast may paralyse adjacent
                  | enemies. [demonic ancestry]
   127 | D:1      | Reached XP level 2. HP: 17/19 MP: 1/5
   561 | D:1      | Gained mutation: You regenerate a little health from kills.
                  | [demonic ancestry]
   561 | D:1      | Reached XP level 3. HP: 24/24 MP: 4/6
  1173 | D:2      | Found a faded altar of an unknown god.
  1223 | D:2      | Learned a level 3 spell: Stone Arrow
  1226 | D:2      | Learned a level 2 spell: Sublimation of Blood
  1424 | D:2      | Identified the +1 war axe "Neunnyx" {elec, rCorr}
  1775 | D:3      | Reached skill level 4 in Earth Magic
  1789 | D:3      | Gained mutation: You have sharp fingernails. [demonic
                  | ancestry]
  1789 | D:3      | Reached XP level 4. HP: 30/30 MP: 4/8
  1822 | D:3      | Gained mutation: You are frail. (-10% HP) [potion of
                  | mutation]
  1822 | D:3      | Lost mutation: You are frail. (-10% HP) [potion of
                  | mutation]
  1961 | D:3      | Found a sparkling altar of Nemelex Xobeh.
  1962 | D:3      | Found a sacrificial altar of Ru.
  1968 | D:3      | Found a burning altar of Makhleb.
  1972 | D:3      | Found an iron altar of Okawaru.
  2145 | D:3      | You fall into a shaft and drop 3 floors!
  2467 | D:6      | Noticed a scorpion
  2467 | D:6      | Noticed a bullfrog
  2467 | D:6      | Noticed a scorpion
  2495 | D:6      | Noticed an ogre
  2507 | D:6      | Killed an ogre
  2508 | D:6      | Gained mutation: You are partially covered in slimy green
                  | scales. (AC +2) [demonic ancestry]
  2508 | D:6      | Reached XP level 5. HP: 35/35 MP: 0/10
  2628 | D:5      | Entered Level 5 of the Dungeon
  2643 | D:5      | Noticed Duvessa
  2643 | D:5      | Noticed Dowan
  2728 | D:5      | Reached skill level 5 in Earth Magic
  2893 | D:5      | Reached XP level 6. HP: 35/41 MP: 7/11
  2975 | D:5      | Found a large runed translucent door.
  2976 | D:5      | Found a large runed translucent door.
  3176 | D:4      | Found a staircase to the Ecumenical Temple.
  3187 | Temple   | Entered the Ecumenical Temple
  3257 | Temple   | Became a worshipper of Uskayaw the Reveller
  3312 | D:3      | Reached * piety under Uskayaw
  3314 | D:3      | Reached ** piety under Uskayaw
  3711 | D:4      | Reached skill level 6 in Earth Magic
  3761 | D:4      | Gained mutation: You are mostly covered in slimy green
                  | scales. (AC +3) [demonic ancestry]
  3761 | D:4      | Reached XP level 7. HP: 46/46 MP: 8/13
  3816 | D:4      | Reached *** piety under Uskayaw
  4336 | D:5      | Found a transporter.
  4340 | D:5      | Found a transporter.
  4344 | D:5      | Reached skill level 1 in Unarmed Combat
  4356 | D:5      | Noticed darkwiz's ghost (amateur DsCK)
  4359 | D:5      | Identified the amulet of Ufeg {Spirit Str+5}
  4384 | D:5      | Reached skill level 1 in Fighting
  4864 | D:5      | Reached skill level 7 in Earth Magic
  4864 | D:5      | Reached XP level 8. HP: 41/55 MP: 12/15
  4917 | D:5      | Noticed Blork the orc
  4921 | D:5      | Killed Blork the orc
  4934 | D:5      | Killed Duvessa
  4935 | D:5      | Reached skill level 5 in Spellcasting
  4941 | D:5      | Killed Dowan
  5540 | D:6      | Reached **** piety under Uskayaw
  5949 | D:7      | Reached skill level 8 in Earth Magic
  5949 | D:7      | Reached XP level 9. HP: 64/64 MP: 12/17
  6689 | D:8      | Reached skill level 5 in Unarmed Combat
  6806 | D:8      | Identified the +3 leather armour of Duck's Teeth {Harm
                  | Stlth+}
  7292 | D:9      | Noticed a two-headed ogre
  7305 | D:9      | Killed a two-headed ogre
  7306 | D:9      | Reached skill level 9 in Earth Magic
  7327 | D:9      | Reached XP level 10. HP: 70/73 MP: 1/19
  7974 | D:9      | Reached skill level 5 in Fighting
  8232 | D:9      | Found a shadowy altar of Dithmenos.
  8233 | D:9      | Found a hazy altar of Hepliaklqana.
  8454 | D:10     | Entered Level 10 of the Dungeon
  8894 | D:10     | Noticed a two-headed ogre
  8898 | D:10     | Killed a two-headed ogre
  8899 | D:10     | Reached skill level 10 in Earth Magic
  9242 | D:10     | Found a portal to a secret trove of treasure.
  9335 | D:10     | Found a staircase to the Orcish Mines.
  9530 | D:10     | Found a staircase to the Lair.
  9541 | Lair:1   | Entered Level 1 of the Lair of Beasts
  9758 | Lair:1   | Reached XP level 11. HP: 78/81 MP: 0/21
  9762 | Lair:1   | Reached ***** piety under Uskayaw
  9772 | Lair:1   | Reached ****** piety under Uskayaw
 10116 | Lair:1   | Found a blossoming altar of Fedhas.
 10616 | Lair:2   | Reached skill level 11 in Earth Magic
 10623 | Lair:2   | Identified the +1 pair of boots of Kycoalu {rElec Int+3
                  | Slay-6}
 10747 | Lair:2   | Noticed a skyshark
 10757 | Lair:2   | Demolished by a skyshark

Illustrated notes

Levels and vault maps discovered:
D:1:      kennysheep_arrival_seaside, layout_loops_cross, serial_forest,
          infiniplex_forest_corner_1, infiniplex_forest_clump_tiny,
          infiniplex_forest_clump_curved, infiniplex_forest_lined_2
D:2:      layout_basic, shapermc_ecumenical_altar_mp_ritualfount,
          serial_bayou_lagoon_b
D:3:      layout_loops_ring, minitemple
D:4:      minmay_general_purpose_star, layout_cave_pools,
          minmay_temple_entry_grid
D:5:      layout_basic, jmf_multi_god_temple2, gammafunk_ghost_smash,
          uniq_blork_the_orc, uniq_duvessa
D:6:      layout_basic, nrook_uturn, minivault_11, kennysheep_small_circle
D:7:      layout_basic
D:8:      layout_cave_pools, st_stairs_8
D:9:      layout_gridville, riverfiend_overflow_shadow_ancestor
D:10:     layout_small_grid, lair_entry_dummy, orc_0_dummy,
          nicolae_trove_entry_columns
Temple:   cyrus_circular_temple
Lair:1:   layout_roguey, basic_altar
Lair:2:   layout_chaotic_city, minmay_snake_entry_six_corridors,
          chequers_serial_rivers_small_3, minivault_23, lemuel_oklob_altar,
          infiniplex_staircase_pool_2, uniq_urug

Skill      XL: |  1  2  3  4  5  6  7  8  9 10 11 |
---------------+----------------------------------+-----
Earth Magic    | 3 4 5 6 7 8 9 10 11 | 11.1
Spellcasting   | 3 4 5 6 7 |  7.8
Unarmed Combat | 2 4 6 8 |  8.9
Fighting       | 1 3 4 5 6 |  6.7
Dodging        | |  1.7
Stealth        | |  1.7
Transmutations | |  0.8

Action                     |  1- 3 |  4- 6 |  7- 9 | 10-12 || total
---------------------------+-------+-------+-------+-------++-------
  Melee: Unarmed           |    17 |       |       |     2 ||    19
         Punch             |     1 |       |     1 |     6 ||     8
         Dagger            |     2 |    11 |     3 |       ||    16
         Rapier            |       |       |    30 |    63 ||    93
   Cast: Sandblast         |    58 |    70 |   108 |    53 ||   289
         Stone Arrow       |       |     1 |    11 |    77 ||    89
    Use: Potion            |     2 |     4 |     1 |       ||     7
         Scroll            |     3 |     3 |     4 |     4 ||    14
   Stab: Sleeping          |       |     1 |     1 |       ||     2
         Paralysed         |       |       |    10 |    38 ||    48
 Armour: Robe              |    11 |     6 |    34 |       ||    51
         Troll leather arm |       |       |       |    29 ||    29
  Dodge: Dodged            |    28 |    21 |    63 |    57 ||   169
